 Dungeon Crawl Stone Soup version 0.22-a0-283-g1871b15 (webtiles) character file.

170 b5mith the Slasher (level 5, 0/70 HPs)
             Began as a Minotaur Berserker on Mar 18, 2018.
             Was a Believer of Trog.
             Killed from afar by Ijyb (15 damage)
             ... with a wand of acid (7)
             ... on level 3 of the Dungeon.
             The game lasted 00:04:57 (2180 turns).

b5mith the Slasher (Minotaur Berserker)             Turns: 2180, Time: 00:04:58

Health: 0/70       AC:  1    Str: 28    XL:     5   Next: 26%
Magic:  4/4        EV: 11    Int:  4    God:    Trog [**....]
Gold:   109        SH:  2    Dex:  9    Spells: 4/4 levels left

rFire    + . .     SeeInvis .   a - +0 falchion
rCold    . . .     Gourm    .   j - +0 buckler
rNeg     . . .     Faith    .   p - +0 ring mail
rPois    .         Spirit   .   (helmet restricted)
rElec    .         Reflect  .   (no cloak)
rCorr    .         Harm     .   (no gloves)
MR       .....                  (no boots)
Stlth    ..........             (no amulet)
HPRegen  0.21/turn              n - ring of protection from fire
MPRegen  0.09/turn              (no ring)

@: berserking, corroded, very quick
A: retaliatory headbutt, horns 2
a: Berserk, Trog's Hand, Renounce Religion


You were on level 3 of the Dungeon.
You worshipped Trog.
Trog was pleased with you.
You were very hungry.

You visited 1 branch of the dungeon, and saw 3 of its levels.

You collected 109 gold pieces.

Inventory:

Hand Weapons
 a - a +0 falchion (weapon)
Missiles
 g - 10 tomahawks (quivered)
Armour
 b - a +0 animal skin
 j - a +0 buckler (worn)
 p - a +0 ring mail (worn)
Jewellery
 n - a ring of protection from fire (left hand)
Scrolls
 h - 3 scrolls of noise {unknown}
 i - 3 scrolls of remove curse {unknown}
 l - 2 scrolls of teleportation {unknown}
 o - 3 scrolls of amnesia {unknown}
Potions
 e - a potion of lignification {unknown}
 f - 2 potions of agility {unknown}
 k - 2 potions of resistance {unknown}
 m - 2 potions of mutation {unknown}
 q - a potion of curing {unknown}
Comestibles
 c - 6 rations
 d - 2 chunks of flesh


   Skills:
 + Level 4.8 Fighting
 + Level 4.8 Long Blades
 + Level 3.9 Armour
 + Level 3.4 Dodging


You had 4 spell levels left.
You didn't know any spells.

Dungeon Overview and Level Annotations

Branches:
Dungeon (3/15)

Altars:
Okawaru
Qazlal
Sif Muna
Trog

Annotations:
D:3 Ijyb


Innate Abilities, Weirdness & Mutations

You reflexively headbutt those who attack you in melee.
You have a pair of horns on your head.


Message History

Unknown command.
You hit Ijyb but do no damage.
Ijyb is heavily wounded.
The hobgoblin hits you but does no damage.
Ijyb zaps a wand.
The bolt of acid hits you!
* * * LOW HITPOINT WARNING * * *
The acid corrodes you!
You are splashed with acid!
The acid burns!
* * * LOW HITPOINT WARNING * * *
It is a wand of acid (7).
You are too injured to fight recklessly!
You are too injured to fight recklessly!
Unknown command.
You are too injured to fight recklessly!
A red film seems to cover your vision as you go berserk!
You feel yourself moving faster!
You feel mighty!
You are feeling very hungry.
The hobgoblin hits you with a club.
* * * LOW HITPOINT WARNING * * *
Ijyb zaps a wand.
The bolt of acid hits you!
You die...

....<....# #...)..#
...##....# #..#.###
..รท....###
#...##.#
..#.#..###...#.##.#
....#).....# ..##.#
.........### ..##.#
...............##>#
..##....####. #..#
........# #@##
..##...... #...gg#
#..........####.s#
...#.#...... ....
.#...###.... .....
.# ### #.#..#. .#
#....#. ##......


You could see Ijyb, a giant cockroach and a hobgoblin.

Vanquished Creatures
  Jessica (D:3)
  An iguana (D:3)
  4 adders
  An ooze (D:1)
  2 worms (D:2)
  2 dart slugs
  2 leopard geckos
  2 orcs (D:3)
  2 giant cockroaches (D:1)
  4 goblins
  9 hobgoblins
  4 jackals (D:1)
  A ball python (D:2)
  8 bats
  4 frilled lizards
  13 kobolds
  9 rats
69 creatures vanquished.

Notes
Turn   | Place    | Note
-------+----------+-------------------------------------------
     0 | D:1      | b5mith the Minotaur Berserker began the quest for the Orb.
     0 | D:1      | Reached XP level 1. HP: 19/19 MP: 0/0
   108 | D:1      | Reached XP level 2. HP: 27/27 MP: 1/1
   291 | D:1      | Reached XP level 3. HP: 23/33 MP: 2/2
   315 | D:1      | Reached ** piety under Trog
  1094 | D:2      | Reached XP level 4. HP: 33/41 MP: 3/3
  1373 | D:2      | Found a bloodstained altar of Trog.
  1417 | D:2      | Found a deep blue altar of Sif Muna.
  1534 | D:2      | Found a stormy altar of Qazlal.
  1534 | D:2      | Found an iron altar of Okawaru.
  2127 | D:3      | Noticed Jessica
  2137 | D:3      | Killed Jessica
  2137 | D:3      | Reached XP level 5. HP: 44/47 MP: 4/4
  2169 | D:3      | Noticed Ijyb
  2180 | D:3      | Killed from afar by Ijyb

Vault maps used:
D:1:      nicolae_arrival_memento_mori, interstate_on_off
D:2:      minitemple, marbit_many_paths, lemuel_round_altar, first_ration
D:3:      uniq_terence, uniq_jessica, uniq_ijyb

Skill      XL: |  1  2  3  4 |
---------------+-------------+-----
Long Blades    | 4 |  4.8
Fighting       | 4 |  4.8
Armour         | 3 |  3.9
Dodging        | 3 |  3.4

Action                   |  1- 3 |  4- 6 || total
-------------------------+-------+-------++-------
Melee: Falchion          |    83 |    67 ||   150
       Headbutt          |    16 |    13 ||    29
Invok: Berserk           |     1 |     2 ||     3
  Eat: Chunk             |     2 |     4 ||     6
Armor: Animal skin       |    18 |     5 ||    23
       Ring mail         |       |    11 ||    11
Dodge: Dodged            |    65 |    39 ||   104
Block: Buckler           |     1 |     8 ||     9
       Rpst.: Falchion   |    18 |     8 ||    26

Table legend:
 A = Spawn XP
 B = Non-spawn XP
 C = Spawn XP percentage of total XP
 D = Spawn monster count
 E = Non-spawn monster count
 F = Spawn count percentage of total count
 G = Total turns spent on level
                    A         B        C        D         E        F      G
               +---------+---------+-------+---------+---------+-------+---------
         Total |       0 |     244 |   0.0 |       0 |      69 |   0.0 |  2180
               +---------+---------+-------+---------+---------+-------+---------
           D:1 |       0 |      49 |   0.0 |       0 |      26 |   0.0 |   590
           D:2 |       0 |      94 |   0.0 |       0 |      32 |   0.0 |  1123
           D:3 |       0 |     101 |   0.0 |       0 |      11 |   0.0 |   467
               +---------+---------+-------+---------+---------+-------+---------
